 Dungeon Crawl Stone Soup version 0.30-a0-1094-g860fb061e7 (webtiles) character file.

Game seed: 1261083505149126263

140 BigDaddyOpFi the Trooper (level 5, 0/70 HPs)
             Began as a Hill Orc Fighter on Apr 17, 2023.
             Slain by a gnoll
             ... wielding a +0 spear
              (5 damage)
             ... on level 4 of the Dungeon.
             The game lasted 00:02:07 (1827 turns).

BigDaddyOpFi the Trooper (Hill Orc Fighter)         Turns: 1827, Time: 00:02:08

Health: 0/70       AC: 11    Str: 18 (21) XL:     5   Next: 22%
Magic:  0/5        EV:  3    Int:  7 (8)  God:
Gold:   216        SH:  8    Dex:  8 (10) Spells: 4/4 levels left

rFire   . . .      SeeInvis .    a - +0 war axe
rCold   . . .      Faith    .    b - +0 kite shield
rNeg    . . .      Spirit   +    p - +0 plate armour
rPois   .          Reflect  .    (no helmet)
rElec   .          Rampage  .    (no cloak)
rCorr   .                        (no gloves)
Will    .....                    (no boots) Stlth
                                 h - amulet of guardian spirit
HPRegen 0.31/turn                (no ring)
MPRegen 0.09/turn                (no ring)

@: mighty, berserking, lethally poisoned (0 -> -3), very quick
A: no striking features
a: no special abilities


You were on level 4 of the Dungeon.
You visited 1 branch of the dungeon, and saw 4 of its levels.

You collected 216 gold pieces.

Inventory:

Hand Weapons
 a - a +0 war axe (weapon)
Armour
 b - a +0 kite shield (worn)
 p - a +0 plate armour (worn)
Jewellery
 h - an amulet of guardian spirit (around neck)
Scrolls
 j - a scroll of teleportation {unknown}
 k - a scroll of blinking
 n - a scroll of vulnerability
Potions
 f - a potion of invisibility {unknown}
 g - 2 potions of curing {unknown}
 i - a potion of mutation {unknown}
 l - a potion of lignification {unknown}
 m - a potion of cancellation


   Skills:
 + Level 4.6 Fighting
 + Level 4.2 Axes
 + Level 4.2 Armour
 + Level 4.2 Shields


You had 4 spell levels left.
You didn't know any spells.
Your spell library was empty.

Dungeon Overview and Level Annotations

Branches:
Dungeon (4/15)
 Temple: D:4-7

Altars:

Annotations:
D:3 2 runed translucent doors, Biggs's ghost, amateur VSMo


Message History

The gnoll hits you but does no damage.
You barely miss the scorpion. You slash the gnoll!
The scorpion barely misses you. You block the gnoll's attack.
The gnoll hits you but does no damage.
You slash the scorpion!
The scorpion is heavily wounded.
You slash the gnoll!
You kill the gnoll!
The scorpion stings you.
* * * LOW HITPOINT WARNING * * *
The gnoll hits you from afar with a +0 spear.
* * * LOW HITPOINT WARNING * * *
The scorpion stings you but does no damage.
You block the gnoll's attack.
Your Armour skill increases to level 4!
Unknown command.
It was a potion of berserk rage.
A red film seems to cover your vision as you go berserk!
You feel yourself moving faster!
You feel mighty! The scorpion stings you.
* * * LOW HITPOINT WARNING * * *
You are poisoned.
The scorpion poisons you!
The gnoll hits you from afar with a +0 spear.
* * * LOW HITPOINT WARNING * * *
You slice the scorpion!!
You kill the scorpion!
* * * LOW HITPOINT WARNING * * *
You feel sick. You block the gnoll's attack.
You feel your intelligence returning.
You feel your dexterity returning.
Your Axes skill increases to level 4!
Your Shields skill increases to level 4!
You have reached level 5!
You feel stronger.
You feel sick.
There is an open door, spattered with blood here.
You see here a +0 flail.
You barely miss the gnoll.
* * * LOW HITPOINT WARNING * * *
You feel sick. The gnoll hits you with a +0 spear.
You die...

........#....#.....#
........#...###..###
........#...###<.##
##########....#....#
#.............#....#
#.............#....#
#.............#....#
..[.........).#....#
........###@#####+##
........#..g.......
........#..(.......
#########..........
...........
............
.............
..............


You could see a gnoll.

Vanquished Creatures
  A scorpion (D:4)
  2 gnolls (D:4)
  An adder (D:3)
  A dart slug (D:3)
  3 orcs (D:3)
  5 ball pythons
  7 bats
  4 endoplasms
  3 giant cockroaches
  4 goblins
  5 hobgoblins
  4 kobolds
  A quokka (D:3)
  4 frilled lizards
  3 rats
48 creatures vanquished.

Vanquished Creatures (others)
  A plant (D:3)
1 creature vanquished.

Grand Total: 49 creatures vanquished

Notes
Turn   | Place    | Note
-------+----------+-------------------------------------------
     0 | D:1      | BigDaddyOpFi the Hill Orc Fighter began the quest for the
                  | Orb.
     0 | D:1      | Reached XP level 1. HP: 19/19 MP: 1/1
   240 | D:1      | Reached XP level 2. HP: 25/27 MP: 2/2
   759 | D:2      | Reached XP level 3. HP: 31/33 MP: 3/3
  1108 | D:3      | Noticed an eye of devastation
  1111 | D:3      | Found a faded altar of an unknown god.
  1132 | D:3      | Noticed an eye of devastation
  1132 | D:3      | Noticed a floating eye
  1132 | D:3      | Noticed a golden eye
  1291 | D:3      | Reached XP level 4. HP: 40/40 MP: 4/4
  1297 | D:3      | Found a large runed translucent door.
  1297 | D:3      | Found a large runed translucent door.
  1300 | D:3      | Noticed Biggs's ghost (amateur VSMo)
  1608 | D:3      | Identified the +0 leather armour of Bad Feelings {rN+}
  1814 | D:4      | Noticed a scorpion
  1825 | D:4      | Killed a scorpion
  1826 | D:4      | Reached XP level 5. HP: 7/47 MP: 1/5
  1827 | D:4      | Slain by a gnoll

Illustrated notes

Levels and vault maps discovered:
D:1:      ebering_trefoil_3fold, layout_basic, minmay_misc_feat_rugged
D:2:      layout_rooms, dreamdust_wishing_well
D:3:      layout_rooms, ebering_ghost_disaster_area,
          hellmonk_ecumenical_altar_watching_god,
          chequers_serial_rivers_small_3, serial_bayou_ford_a
D:4:      layout_gridville, mainiacjoe_overflow_small_starburst,
          uniq_blork_the_orc, uniq_menkaure, uniq_robin

Skill      XL: |  1  2  3  4 |
---------------+-------------+-----
Axes           | 3 4 |  4.2
Fighting       | 4 |  4.6
Armour         | 4 |  4.2
Shields        | 4 |  4.2

Action                     |  1- 3 |  4- 6 || total
---------------------------+-------+-------++-------
  Melee: War axe           |   112 |    20 ||   132
    Use: Scroll            |     3 |     1 ||     4
         Potion            |       |     3 ||     3
 Armour: Scale mail        |    56 |       ||    56
         Plate armour      |       |    13 ||    13
  Dodge: Dodged            |    72 |     6 ||    78
  Block: Buckler           |    24 |       ||    24
         Kite shield       |       |    20 ||    20

Table legend: (Time is in decaauts)
 A = Elapsed time spent in this place.
 B = Non-inter-level travel time spent in this place.
 C = Inter-level travel time spent in this place.
 D = Time resting spent in this place.
 E = Time spent auto-exploring this place.
 F = Levels seen in this place.
 G = Mean time per level.
                   A        B        C        D        E       F      G
               +--------+--------+--------+--------+--------+-----+--------+
         Total |   1886 |   1807 |     79 |      0 |   1387 |   4 |  471.5 |
       Dungeon |   1886 |   1807 |     79 |      0 |   1387 |   4 |  471.5 |
               +--------+--------+--------+--------+--------+-----+--------+

Top non-repeatable levels by time:
     D:1: 743 daAuts
     D:3: 677 daAuts
     D:2: 388 daAuts
     D:4: 76 daAuts
